 Dungeon Sprint DCSS version 0.15-a0-2112-gb4a2680 (webtiles) character file.

202091 fransbal the Sorcerer (level 16, -14/102 (106) HPs)
             Began as a Deep Elf Venom Mage on July 15, 2014.
             Was the Champion of Sif Muna.
             Killed from afar by a fire giant (37 damage)
             ... with a fireball
             ... in the Dungeon (Sprint IX: "|||||||||||||||||||||||||||||").
             The game lasted 01:05:07 (10145 turns).

fransbal the Sorcerer (Deep Elf Venom Mage)        Turns: 10145, Time: 01:05:07

HP -14/102 (106) AC  8     Str  4 (5)  XL: 16   Next: 70%
MP   2/45        EV 21     Int 24 (28) God: Sif Muna [******]
Gold 1311        SH  0     Dex 12 (15) Spells: 14 memorised,  3 levels left

rFire  . . .     SeeInvis .     W - +1 demon whip of the Coward {slash, rN+ MR+ Curse}
rCold  + + .     Clarity  .     I - +2 robe {rF+}
rNeg   + . .     rCorr    .     (no shield)
rPois  .         rRot     .     s - +0 hat {MR+}
rElec  .         Spirit   .     Z - +0 cloak {+Inv}
SustAb .         Warding  .     H - +0 pair of gloves
rMut   .         NoTele   +     F - +0 pair of boots
Gourm  .                        (no amulet)
MR     +++..                    B - ring of protection from cold
                                Q - ring of ice

@: extremely resistant to hostile enchantments, unstealthy
A: no striking features
a: Channel Energy, Forget Spell, Renounce Religion, Evoke Invisibility
}: 4/15 runes: decaying, serpentine, barnacled, gossamer


You were in the Dungeon.
You worshipped Sif Muna.
Sif Muna was exalted by your worship.
You were not hungry.

You visited 1 branch You collected 1871 gold pieces.
You spent 560 gold pieces at shops.

Inventory:

Hand weapons
 r - a +5 demon blade
 W - the +1 demon whip of the Coward (weapon) {slash, rN+ MR+ Curse}
   (You found it in the Dungeon)

   It inflicts extra damage upon your enemies.
   It protects you from negative energy.
   It affects your resistance to hostile enchantments.
   It may recurse itself when equipped.
 X - a +2 blowgun of evasion
Missiles
 Y - 5 curare-tipped needles
Armour
 a - the +2 hat of the High Council {Archmagi, Wiz- Stlth-}
   (You found it in the Dungeon)

   It makes you less stealthy.
 s - a +0 hat of magic resistance (worn)
 F - a +0 pair of boots (worn)
 H - a +0 pair of gloves (worn)
 I - a +2 robe of fire resistance (worn)
 J - a +0 buckler
 R - a +3 swamp dragon armour
 S - a +1 fire dragon armour
 T - a +1 ice dragon armour
 Z - a +0 cloak of darkness (worn)
Magical devices
 m - a wand of cold (13)
Comestibles
 A - 3 rotting chunks of human flesh
 C - 28 fruits
 D - 9 bread rations
 E - 12 meat rations
Scrolls
 j - 4 scrolls of remove curse
 n - a scroll of blinking
 w - 3 scrolls of identify
 x - 6 scrolls of enchant weapon
 y - 3 scrolls of fog
 M - 3 scrolls of recharging
 V - a scroll of fear
Jewellery
 t - an uncursed ring of regeneration
 B - a ring of protection from cold (right hand)
 K - an uncursed ring of poison resistance
 N - an uncursed ring of protection from fire
 O - an uncursed ring of protection from magic
 P - an uncursed ring of fire
 Q - a ring of ice (left hand)
Potions
 f - a potion of haste
 g - 4 potions of magic
 h - a potion of invisibility
 i - a potion of curing
 o - 2 potions of berserk rage
 u - 3 potions of agility
 v - 2 potions of might
 G - a potion of brilliance
 U - 3 potions of cure mutation
Books
 b - Sif Muna's Grimoire of Summoning
   (Sif Muna gifted it to you in the Dungeon)

   Spells                             Type                      Level
   Summon Small Mammal                Summoning                    1
   Call Imp                           Summoning                    2
   Abjuration                         Summoning                    3
   Shadow Creatures                   Summoning                    5
   Malign Gateway                     Summoning/Translocation      7
 c - a book of Alchemy

   Spells                             Type                      Level
   Sublimation of Blood               Necromancy                   2
   Alistair's Intoxication            Transmutation/Poison         4
   Condensation Shield                Ice                          4
   Petrify                            Transmutation/Earth          4
   Ignite Poison                      Fire/Transmutation           5
 d - Theh's Volume of the Voyage and Black Magic
   (Sif Muna gifted it to you in the Dungeon)

   Spells                             Type                      Level
   Shroud of Golubria                 Charms/Translocation         2
   Portal Projectile                  Translocation                3
   Teleport Other                     Translocation                3
   Dispel Undead                      Necromancy                   5
   Haunt                              Necromancy/Summoning         7
 l - Sif Muna's Tome of Confrontation and Snow
   (Sif Muna gifted it to you in the Dungeon)

   Spells                             Type                      Level
   Freeze                             Ice                          1
   *Dazzling Spray                    Conjuration/Hexes            3
   Bolt of Draining                   Conjuration/Necromancy       5
   Venom Bolt                         Conjuration/Poison           5
   Ozocubu's Refrigeration            Ice                          6
 z - Sif Muna's Compendium of Dislocation
   (Sif Muna gifted it to you in the Dungeon)

   Spells                             Type                      Level
   Control Teleport                   Charms/Translocation         4
   Warp Weapon                        Charms/Translocation         5
   Controlled Blink                   Translocation                7
 L - Sif Muna's Tome of Talismans
   (Sif Muna gifted it to you in the Dungeon)

   Spells                             Type                      Level
   Infusion                           Charms                       1
   Iskenderun's Battlesphere          Conjuration/Charms           5
   Deflect Missiles                   Charms/Air                   6
   Death's Door                       Charms/Necromancy            8


   Skills:
 - Level 14.2 Fighting
 - Level 8.0 Armour
 - Level 16.3 Dodging
 - Level 2.4 Stealth
 - Level 5.5 Shields
 + Level 26.5 Spellcasting
 + Level 24.4 Conjurations
 - Level 14.0 Charms
 - Level 6.7 Fire Magic
 + Level 24.5 Ice Magic
 - Level 9.6 Poison Magic
 - Level 20.2 Invocations


You had 3 spell levels left.
You knew the following spells:

 Your Spells              Type           Power        Failure   Level  Hunger
a - Sting                 Conj/Pois      ####         0%          1    None
d - Poisonous Cloud       Conj/Pois/Air  ######....   1%          6    None
e - Cure Poison           Pois           ######....   1%          2    None
f - Freezing Cloud        Conj/Ice/Air   ########..   1%          6    None
g - Dazzling Spray        Conj/Hex       ######..     1%          3    None
h - Poison Arrow          Conj/Pois      #######...   1%          6    None
i - Spider Form           Trmt/Pois      ######....   1%          3    None
j - Throw Icicle          Conj/Ice       ########     0%          4    None
k - Sticky Flame          Conj/Fire      ######..     0%          4    None
l - Bolt of Fire          Conj/Fire      ######....   1%          6    None
m - Regeneration          Chrm/Necr      ######....   1%          3    None
n - Haste                 Chrm           #######.     1%          6    None
q - Bolt of Cold          Conj/Ice       ########..   0%          6    None
W - Glaciate              Conj/Ice       ########..   10%         9    ######.


Dungeon Overview and Level Annotations

Branches:
Dungeon (1/1)

Altars:
Cheibriados
Dithmenos
Elyvilon
Fedhas
Gozag
Kikubaaqudgha
Makhleb
Nemelex Xobeh
Okawaru
Qazlal
Sif Muna
Trog
Vehumet
Xom
Yredelemnul
Zin
The Shining One
Beogh
Jiyva
Lugonu

Shops:
D %?[*


Message History

You feel a surge of power!
You conjure a mighty blast of ice!
The great icy blast engulfs the shadow dragon.
The shadow dragon partially resists.
The shadow dragon is frozen into a solid block of ice!
You kill the shadow dragon!
Your life force feels restored.
You are near starving!
Unknown command. d - Theh's Volume of the Voyage and Black Magic Read which item? (? for menu, Esc to quit)
Eat which item? (? for menu, Esc to quit)
You continue eating. x3
The fire giant casts a spell at you.
The fireball explodes!
The fireball engulfs the shadow dragon shaped block of ice.
The shadow dragon shaped block of ice is burned terribly!
The shadow dragon shaped block of ice is destroyed!
You hear a sizzling sound! x2
The fireball engulfs you!
You die...

+▓.▓.▓. .▓.▓.▓.▓.▓.♣%♣.▓.▓.▓.▓.▓.
.▓.▓.▓.▓.▓.▓.▓.▓C▓.♣)♣.▓.▓.▓.▓.▓.
.▓.▓.▓.▓.▓.▓.▓.▓§▓.♣.♣.▓.▓.▓)▓.▓.
.▓.▓.▓.▓.▓.▓.▓.▓§▓.♣%♣.▓.▓.▓.▓.▓.
.▓.▓.▓.▓.▓.▓.▓.▓§▓.♣%♣.▓.▓.▓)▓.▓.
.▓.▓.▓.▓.▓.▓.▓.▓§▓.♣.♣.▓.▓.▓[▓.▓)
.▓.▓.▓.▓.▓.▓.▓.▓)▓.♣.♣.▓.▓.▓'▓.▓)
.▓.▓+▓.▓ ▓.▓.▓.▓:▓.♣'♣.▓[▓.▓:▓.▓+
.▓.▓.▓.▓+▓.▓ ▓.▓@▓.▓.▓.▓[▓.▓)▓.▓(
.▓.▓+▓.▓.▓.▓.▓.▓.▓.▓)▓.▓[▓.▓.▓.▓.
.▓.▓.▓.▓.▓.▓.▓.▓.▓.▓.▓.▓[▓.▓.▓.▓.
.▓.▓+▓.▓.▓.▓.▓.▓)▓.▓.▓.▓[▓.▓)▓.▓.
.▓.▓.▓.▓.▓.▓.▓.▓.▓.▓)▓.▓)▓.▓)▓.▓.
.▓.▓+▓.▓.▓.▓.▓.▓:▓.▓)▓.▓.▓.▓.▓.▓.
.▓.▓.▓.▓ ▓ ▓.▓.▓.▓.▓.▓.▓.▓.▓.▓.▓.
+▓ ▓.▓.▓.▓.▓.▓.▓.▓.▓.▓.▓)▓.▓.▓.▓.
.♣.▓.▓.▓+▓.▓.▓.▓)▓.▓)▓.▓.▓.▓)▓.▓)


You could see a fire giant.

Vanquished Creatures
  Norris (D)
  Mennas (D)
  Frederick (D)
  Nikola (D)
  Rupert (D)
  2 shadow dragons (D)
  Ilsuiw (D)
  3 greater nagas (D)
  2 ghost moths (D)
  2 vault wardens (D)
  Louise (D)
  4 frost giants (D)
  6 emperor scorpions (D)
  A war gargoyle (D)
  2 stone giants (D)
  2 dire elephants (D)
  5 merfolk javelineers (D)
  An ettin (D)
  A merfolk impaler (D)
  A crystal guardian (D)
  Josephine (D)
  2 yaktaur captains (D)
  An ironheart preserver (D)
  25 vault guards (D)
  6 hydras (D)
  A spriggan air mage (D)
  Harold (D)
  3 naga warriors (D)
  8 ogre magi (D)
  2 centaur warriors (D)
  An anaconda (D)
  A deep troll earth mage (D)
  An alligator (D)
  A siren (D)
  5 merfolk aquamancers (D)
  A satyr (D)
  9 orc high priests (D)
  A deep troll shaman (D)
  A tengu warrior (D)
  5 death yaks (D)
  2 very ugly things (D)
  A deep elf knight (D)
  2 orb spiders (D)
  2 sea snakes (D)
  2 hell knights (D)
  A wizard (D)
  An unseen horror (D)
  A spriggan druid (D)
  A hill giant (D)
  9 swamp dragons (D)
  A griffon (D)
  2 manticores (D)
  11 orc knights (D)
  3 ironbrand convokers (D)
  A mana viper (D)
  A red wasp (shapeshifter) (D)
  2 wolf spiders (D)
  A red wasp (D)
  2 sixfirhies (D)
  3 vault sentinels (D)
  3 black mambas (D)
  A moth of wrath (D)
  Joseph (D)
  4 guardian serpents (D)
  An orange demon (D)
  2 torpor snails (D)
  A spiny frog (D)
  6 naga magi (D)
  3 demonic crawlers (D)
  A kobold demonologist (D)
  2 jumping spiders (D)
  A tengu conjurer (D)
  3 merfolk (D)
  A freezing wraith (D)
  Sonja (D)
  A baby alligator (shapeshifter) (D)
  2 bog bodies (D)
  2 slime creatures (D)
  A basilisk (D)
  A blink frog (D)
  A trapdoor spider (D)
  2 redbacks (D)
  2 water elementals (D)
  A fire bat (shapeshifter) (D)
  5 yaks (D)
  A vampire (D)
  An ugly thing (D)
  Eustachio (D)
  A hog (shapeshifter) (D)
  A wolf (D)
  2 mottled dragons (D)
  A naga (D)
  An ice beast (D)
  3 porcupines (D)
  A sky beast (D)
  2 necrophages (D)
  3 swamp drakes (D)
  A yellow wasp (D)
  7 orc warriors (D)
  A centaur (D)
  An ogre (D)
  A big kobold (D)
  2 crocodiles (D)
  4 giant frogs (D)
  An eye of draining (D)
  A goliath beetle (D)
  A hound (D)
  An iguana (D)
  4 orc priests (D)
  2 orc wizards (D)
  A worker ant (D)
  A sheep (D)
  A worm (D)
  An adder skeleton (D)
  An adder zombie (D)
  11 orcs (D)
  A ball python (D)
  2 giant cockroaches (D)
  A bat (D)
  A giant newt skeleton (D)
  A goblin zombie (D)
  2 hobgoblin zombies (D)
  A jackal zombie (D)
  2 rats (D)
285 creatures vanquished.

Vanquished Creatures (others)
  2 fulminant prisms (D)
  6 blocks of ice (D)
  A fungus (D)
  A plant (D)
10 creatures vanquished.

Grand Total: 295 creatures vanquished

Notes
Turn   | Place    | Note
--------------------------------------------------------------
     0 | D        | fransbal, the Deep Elf Venom Mage, began the quest for the Orb.
     0 | D        | Reached XP level 1. HP: 10/10 MP: 5/5
     7 | D        | Reached skill level 1 in Conjurations
    68 | D        | Noticed a necrophage
    68 | D        | Noticed an ogre
    85 | D        | Killed an ogre
    85 | D        | Reached skill level 7 in Spellcasting
    85 | D        | Reached XP level 2. HP: 15/15 MP: 2/14
    85 | D        | Reached XP level 3. HP: 19/19 MP: 2/17
    85 | D        | Reached XP level 4. HP: 24/24 MP: 2/20
   107 | D        | Killed a necrophage
   107 | D        | Reached skill level 8 in Spellcasting
   107 | D        | Reached XP level 5. HP: 26/26 MP: 5/23
   117 | D        | Reached skill level 9 in Spellcasting
   224 | D        | Found a glowing silver altar of Zin.
   224 | D        | Found a glowing golden altar of the Shining One.
   224 | D        | Found an ancient bone altar of Kikubaaqudgha.
   224 | D        | Found a basalt altar of Yredelemnul.
   224 | D        | Found a shimmering altar of Xom.
   224 | D        | Found a radiant altar of Vehumet.
   224 | D        | Found an iron altar of Okawaru.
   225 | D        | Found a burning altar of Makhleb.
   226 | D        | Found a deep blue altar of Sif Muna.
   227 | D        | Found a bloodstained altar of Trog.
   228 | D        | Found a sparkling altar of Nemelex Xobeh.
   229 | D        | Found a white marble altar of Elyvilon.
   230 | D        | Found a roughly hewn altar of Beogh.
   231 | D        | Found a viscous altar of Jiyva.
   232 | D        | Found a corrupted altar of Lugonu.
   233 | D        | Found a blossoming altar of Fedhas.
   234 | D        | Found a snail-covered altar of Cheibriados.
   235 | D        | Became a worshipper of Sif Muna the Loreminder
   236 | D        | Found a shadowy altar of Dithmenos.
   237 | D        | Found a stormy altar of Qazlal.
   238 | D        | Found an opulent altar of Gozag.
   256 | D        | Got the +2 dire flail of Zin's Approval {venom, Int+1}
   369 | D        | Noticed a hound
   369 | D        | Noticed a big kobold
   369 | D        | Noticed a necrophage
   369 | D        | Noticed a goliath beetle
   369 | D        | Noticed a sky beast
   369 | D        | Noticed a worker ant
   371 | D        | Killed a worker ant
   371 | D        | Reached skill level 1 in Fighting
   391 | D        | Killed a sky beast
   391 | D        | Acquired Sif Muna's first power
   391 | D        | Reached XP level 6. HP: 29/31 MP: 20/25
   422 | D        | Learned a level 3 spell: Mephitic Cloud
   428 | D        | Learned a level 5 spell: Venom Bolt
   433 | D        | Learned a level 4 spell: Olgreb's Toxic Radiance
   436 | D        | Learned a level 2 spell: Cure Poison
   440 | D        | Killed a goliath beetle
   441 | D        | Killed a hound
   441 | D        | Reached skill level 10 in Spellcasting
   450 | D        | Killed a necrophage
   450 | D        | Reached skill level 5 in Dodging
   452 | D        | Killed a big kobold
   452 | D        | Acquired Sif Muna's second power
   452 | D        | Reached XP level 7. HP: 35/37 MP: 24/28
   494 | D        | Upgraded the game from 0.15-a0-2099-gfb1bfb9 to 0.15-a0-2112-gb4a2680
   495 | D        | Noticed a hill giant
   495 | D        | Noticed a manticore
   495 | D        | Noticed a giant frog
   495 | D        | Noticed a griffon
   545 | D        | Killed a giant frog
   555 | D        | Killed a griffon
   555 | D        | Reached skill level 5 in Fighting
   555 | D        | Reached skill level 12 in Spellcasting
   555 | D        | Reached XP level 8. HP: 29/45 MP: 15/30
   556 | D        | Killed a manticore
   556 | D        | Acquired Sif Muna's third power
   556 | D        | Reached skill level 10 in Conjurations
   565 | D        | Killed a hill giant
   565 | D        | Reached skill level 10 in Dodging
   565 | D        | Reached skill level 13 in Spellcasting
   848 | D        | Noticed a porcupine
   848 | D        | Noticed a crocodile
   848 | D        | Noticed a giant frog
   848 | D        | Noticed a giant frog
   848 | D        | Noticed a basilisk
   848 | D        | Noticed a spiny frog
   848 | D        | Noticed a porcupine
   850 | D        | Killed a porcupine
   851 | D        | Killed a basilisk
   851 | D        | Reached XP level 9. HP: 51/53 MP: 16/32
   851 | D        | Killed a giant frog
   853 | D        | Noticed a blink frog
   853 | D        | Killed a spiny frog
   853 | D        | Reached skill level 14 in Spellcasting
   854 | D        | Killed a giant frog
   854 | D        | Killed a crocodile
   857 | D        | Killed a blink frog
   858 | D        | Killed a porcupine
  1002 | D        | Noticed an iguana
  1007 | D        | Killed an iguana
  1049 | D        | Noticed a torpor snail
  1049 | D        | Noticed a wolf
  1049 | D        | Noticed a crocodile
  1049 | D        | Noticed a yak
  1049 | D        | Noticed a giant frog
  1049 | D        | Noticed a six-headed hydra
  1065 | D        | Killed a six-headed hydra
  1065 | D        | Received a gift from Sif Muna
  1065 | D        | Killed a yak
  1067 | D        | Killed a giant frog
  1068 | D        | Killed a crocodile
  1068 | D        | Reached XP level 10. HP: 42/61 MP: 6/34
  1069 | D        | Killed a wolf
  1069 | D        | Reached skill level 15 in Spellcasting
  1170 | D        | Learned a level 4 spell: Fulminant Prism
  1174 | D        | Noticed a porcupine
  1179 | D        | Killed a porcupine
  1181 | D        | Killed a torpor snail
  1182 | D        | Noticed an eight-headed hydra
  1311 | D        | Learned a level 3 spell: Dazzling Spray
  1326 | D        | Killed an eight-headed hydra
  1326 | D        | Reached skill level 5 in Invocations
  1435 | D        | Noticed a death yak
  1435 | D        | Noticed a yak
  1435 | D        | Noticed a yak
  1435 | D        | Noticed a yak
  1435 | D        | Noticed a death yak
  1435 | D        | Noticed a death yak
  1435 | D        | Noticed a death yak
  1453 | D        | Killed a death yak
  1599 | D        | Noticed a yak
  1613 | D        | Killed a death yak
  1613 | D        | Reached skill level 16 in Spellcasting
  2022 | D        | Killed a yak
  2022 | D        | Killed a death yak
  2022 | D        | Received a gift from Sif Muna
  2023 | D        | Killed a death yak
  2023 | D        | Reached XP level 11. HP: 65/68 MP: 13/36
  2024 | D        | Killed a yak
  2024 | D        | Killed a yak
  2024 | D        | Reached skill level 10 in Fighting
  2028 | D        | Identified Sif Muna's Tome of Contamination and Confrontation (Sif Muna gifted it to you in the Dungeon)
  2036 | D        | Learned a level 6 spell: Poison Arrow
  2138 | D        | Killed a yak
  2163 | D        | Learned a level 3 spell: Spider Form
  2168 | D        | Learned a level 4 spell: Iskenderun's Mystic Blast
  2174 | D        | Learned a level 5 spell: Iskenderun's Battlesphere
  2244 | D        | Noticed Eustachio
  2249 | D        | Killed Eustachio
  2319 | D        | Noticed Joseph
  2320 | D        | Noticed Harold
  2327 | D        | Killed Harold
  2329 | D        | Killed Joseph
  2475 | D        | Noticed an orc wizard
  2475 | D        | Noticed an orc priest
  2475 | D        | Noticed an orc warrior
  2475 | D        | Noticed an orc priest
  2476 | D        | Killed an orc priest
  2477 | D        | Noticed an orc wizard
  2479 | D        | Killed an orc priest
  2481 | D        | Killed an orc warrior
  2481 | D        | Killed an orc wizard
  2481 | D        | Reached skill level 17 in Spellcasting
  2504 | D        | Killed an orc wizard
  2677 | D        | Noticed an orc high priest
  2678 | D        | Noticed an orc high priest
  2679 | D        | Noticed an orc priest
  2682 | D        | Killed an orc high priest
  2682 | D        | Killed an orc high priest
  2683 | D        | Killed an orc priest
  2717 | D        | Learned a level 6 spell: Poisonous Cloud
  2762 | D        | Noticed an orc warrior
  2762 | D        | Noticed an orc warrior
  2762 | D        | Noticed an orc warrior
  2762 | D        | Noticed an orc warrior
  2766 | D        | Killed an orc warrior
  2766 | D        | Killed an orc warrior
  2768 | D        | Noticed an orc warrior
  2768 | D        | Killed an orc warrior
  2770 | D        | Noticed an orc knight
  2770 | D        | Killed an orc warrior
  2772 | D        | Noticed an orc priest
  2774 | D        | Killed an orc warrior
  2782 | D        | Killed an orc knight
  2782 | D        | Received a gift from Sif Muna
  2782 | D        | Killed an orc priest
  2783 | D        | Identified Sif Muna's Guide on Conjuration and the Volcanoes (Sif Muna gifted it to you in the Dungeon)
  2791 | D        | Learned a level 4 spell: Sticky Flame
  2791 | D        | Noticed an orc warrior
  2857 | D        | Killed an orc warrior
  2908 | D        | Noticed an orc high priest
  2992 | D        | Killed an orc high priest
  3050 | D        | Found Varo's Assorted Antiques.
  3050 | D        | Noticed an orc high priest
  3050 | D        | Noticed an orc knight
  3050 | D        | Noticed an orc high priest
  3050 | D        | Noticed an orc knight
  3050 | D        | Noticed an orc knight
  3050 | D        | Noticed an orc high priest
  3051 | D        | Noticed an ice devil
  3060 | D        | Killed an orc high priest
  3060 | D        | Reached skill level 15 in Dodging
  3060 | D        | Reached skill level 15 in Conjurations
  3060 | D        | Reached skill level 10 in Invocations
  3060 | D        | Killed an orc high priest
  3061 | D        | Killed an orc knight
  3061 | D        | Reached skill level 18 in Spellcasting
  3062 | D        | Killed an orc knight
  3062 | D        | Killed an orc high priest
  3063 | D        | Killed an orc knight
  3063 | D        | Reached XP level 12. HP: 74/76 MP: 34/38
  3065 | D        | Noticed an orc knight
  3070 | D        | Killed an orc knight
  3137 | D        | Found Wohui's Antique Armour Shop.
  3145 | D        | Found Yqymal's Magic Scroll Boutique.
  3147 | D        | Noticed an orc high priest
  3148 | D        | Found Klosos Equne's Food Shop.
  3150 | D        | Noticed an orc knight
  3154 | D        | Killed an orc high priest
  3160 | D        | Killed an orc knight
  3179 | D        | Noticed an orc knight
  3192 | D        | Noticed an orc knight
  3209 | D        | Killed an orc knight
  3386 | D        | Killed an orc knight
  3386 | D        | Received a gift from Sif Muna
  3387 | D        | Identified Muskemp's Tome of Confrontation and the Birds (Sif Muna gifted it to you in the Dungeon)
  3395 | D        | Learned a level 6 spell: Bolt of Fire
  3487 | D        | Noticed an orc high priest
  3490 | D        | Killed an orc high priest
  3500 | D        | Noticed an orc high priest
  3506 | D        | Killed an orc high priest
  3515 | D        | Bought a glowing hat for 60 gold pieces
  3522 | D        | Bought an emulsified pink potion for 18 gold pieces
  3522 | D        | Bought a scratched tourmaline ring for 100 gold pieces
  3531 | D        | Bought a scroll of magic mapping for 45 gold pieces
  3531 | D        | Bought a scroll of identify for 26 gold pieces
  3531 | D        | Bought a scroll of remove curse for 39 gold pieces
  3531 | D        | Bought a scroll of enchant armour for 97 gold pieces
  3531 | D        | Bought a scroll of fog for 26 gold pieces
  3531 | D        | Bought a scroll of recharging for 123 gold pieces
  3531 | D        | Bought a scroll of identify for 26 gold pieces
  3615 | D        | Noticed Josephine
  3624 | D        | Killed Josephine
  3624 | D        | Reached skill level 19 in Spellcasting
  3844 | D        | Noticed an eye of draining
  3844 | D        | Noticed a six-headed hydra
  3844 | D        | Noticed an ogre mage
  3844 | D        | Noticed a tengu conjurer
  3844 | D        | Noticed an ice beast
  3849 | D        | Killed an ogre mage
  3849 | D        | Reached skill level 1 in Armour
  3849 | D        | Reached skill level 1 in Fire Magic
  3849 | D        | Killed an ice beast
  3849 | D        | Killed a centaur
  3851 | D        | Noticed an ogre mage
  3851 | D        | Killed an unseen horror
  3851 | D        | Killed a tengu conjurer
  3853 | D        | Killed an eye of draining
  4000 | D        | Noticed a slime creature
  4003 | D        | Killed a six-headed hydra
  4003 | D        | Killed an ogre mage
  4007 | D        | Noticed a brown very ugly thing
  4010 | D        | Killed a slime creature
  4011 | D        | Killed a brown very ugly thing
  4013 | D        | Noticed an ettin
  4087 | D        | Killed an ettin
  4087 | D        | Received a gift from Sif Muna
  4088 | D        | Identified Iwnewih's Catalogue of Combat Magic (Sif Muna gifted it to you in the Dungeon)
  4241 | D        | Noticed a dire elephant
  4243 | D        | Noticed a stone giant
  4255 | D        | Killed a dire elephant
  4255 | D        | Reached skill level 5 in Fire Magic
  4295 | D        | Killed a stone giant
  4507 | D        | Noticed Sonja
  4509 | D        | Killed Sonja
  4612 | D        | Noticed a redback
  4612 | D        | Noticed a red wasp
  4612 | D        | Noticed a jumping spider
  4612 | D        | Noticed a torpor snail
  4612 | D        | Noticed an orb spider
  4612 | D        | Noticed a yellow wasp
  4615 | D        | Killed a yellow wasp
  4615 | D        | Killed an orb spider
  4615 | D        | Reached XP level 13. HP: 83/83 MP: 22/40
  4616 | D        | Killed a jumping spider
  4616 | D        | Killed a torpor snail
  4617 | D        | Killed a red wasp
  4617 | D        | Reached skill level 20 in Spellcasting
  4619 | D        | Noticed an orb spider
  4619 | D        | Killed a redback
  4620 | D        | Noticed a redback
  4632 | D        | Killed an orb spider
  4648 | D        | Killed a redback
  4768 | D        | Noticed a trapdoor spider
  4768 | D        | Killed a trapdoor spider
  4799 | D        | Noticed a naga
  4799 | D        | Noticed a black mamba
  4799 | D        | Noticed a mana viper
  4799 | D        | Noticed a black mamba
  4799 | D        | Noticed a black mamba
  4799 | D        | Noticed a naga mage
  4799 | D        | Noticed an anaconda
  4802 | D        | Killed a black mamba
  4804 | D        | Noticed a naga mage
  4804 | D        | Killed an anaconda
  4804 | D        | Received a gift from Sif Muna
  4805 | D        | Killed a naga mage
  4816 | D        | Killed a black mamba
  4816 | D        | Killed a black mamba
  4818 | D        | Killed a mana viper
  4818 | D        | Killed a naga
  5070 | D        | Noticed a greater naga
  5075 | D        | Killed a greater naga
  5075 | D        | Reached skill level 5 in Armour
  5280 | D        | Killed a naga mage
  5390 | D        | Identified Sif Muna's Collected Works on Arcane Weapons (Sif Muna gifted it to you in the Dungeon)
  5399 | D        | Learned a level 6 spell: Bolt of Cold
  5509 | D        | Noticed a water elemental
  5509 | D        | Noticed a merfolk
  5509 | D        | Noticed a merfolk javelineer
  5509 | D        | Noticed a satyr
  5509 | D        | Noticed a manticore
  5509 | D        | Noticed a merfolk javelineer
  5509 | D        | Noticed a sea snake
  5511 | D        | Killed a manticore
  5511 | D        | Reached skill level 1 in Ice Magic
  5512 | D        | Noticed a sea snake
  5512 | D        | Killed a merfolk javelineer
  5513 | D        | Killed a sea snake
  5513 | D        | Killed a satyr
  5513 | D        | Killed a merfolk
  5515 | D        | Noticed a water elemental
  5518 | D        | Killed a sea snake
  5526 | D        | Killed a merfolk javelineer
  5526 | D        | Received a gift from Sif Muna
  5526 | D        | Reached skill level 5 in Ice Magic
  5527 | D        | Identified Sif Muna's Tome of Confrontation and Snow (Sif Muna gifted it to you in the Dungeon)
  5735 | D        | Killed a water elemental
  5736 | D        | Killed a water elemental
  5807 | D        | Noticed an eight-headed hydra
  5807 | D        | Noticed a swamp drake
  5807 | D        | Noticed a bog body
  5807 | D        | Noticed a swamp drake
  5807 | D        | Noticed a bog body
  5810 | D        | Killed a swamp drake
  5810 | D        | Killed a swamp drake
  5811 | D        | Killed a bog body
  5812 | D        | Killed a bog body
  5812 | D        | Killed an eight-headed hydra
  5869 | D        | Noticed a slime creature
  5870 | D        | Noticed an alligator
  5872 | D        | Killed a slime creature
  5872 | D        | Killed an alligator
  5872 | D        | Reached skill level 21 in Spellcasting
  5929 | D        | Learned a level 4 spell: Throw Icicle
  5985 | D        | Noticed Rupert
  5989 | D        | Killed Rupert
  6158 | D        | Noticed a frost giant
  6158 | D        | Noticed a frost giant
  6158 | D        | Noticed a vampire
  6158 | D        | Noticed a centaur warrior
  6158 | D        | Noticed a centaur warrior
  6158 | D        | Noticed a hell knight
  6158 | D        | Noticed a baby alligator
  6159 | D        | Killed a baby alligator
  6160 | D        | Killed a centaur warrior
  6160 | D        | Killed a centaur warrior
  6161 | D        | Noticed a spriggan air mage
  6161 | D        | Killed a hell knight
  6161 | D        | Received a gift from Sif Muna
  6164 | D        | Killed a vampire
  6167 | D        | Killed a spriggan air mage
  6167 | D        | Reached skill level 15 in Invocations
  6168 | D        | Killed a frost giant
  6169 | D        | Killed a frost giant
  6169 | D        | Reached XP level 14. HP: 22/92 MP: 0/41
  6170 | D        | Identified Sif Muna's Guide on Glacial Attacks (Sif Muna gifted it to you in the Dungeon)
  6171 | D        | Noticed a yaktaur captain
  6288 | D        | Killed a yaktaur captain
  6298 | D        | Noticed a tengu warrior
  6332 | D        | Killed a tengu warrior
  6335 | D        | Noticed a frost giant
  6348 | D        | Killed a frost giant
  6348 | D        | Reached skill level 10 in Ice Magic
  6515 | D        | Noticed a cyan very ugly thing
  6520 | D        | Noticed a death yak
  6522 | D        | Killed a cyan very ugly thing
  6524 | D        | Noticed a dire elephant
  6536 | D        | Killed a death yak
  6536 | D        | Received a gift from Sif Muna
  6537 | D        | Identified Sif Muna's Tome of Battle Magic and the Volcanoes (Sif Muna gifted it to you in the Dungeon)
  6577 | D        | Learned a level 6 spell: Freezing Cloud
  6638 | D        | Killed a dire elephant
  6650 | D        | Noticed a deep troll earth mage
  6666 | D        | Killed a deep troll earth mage
  6688 | D        | Noticed a deep troll shaman
  6730 | D        | Killed a deep troll shaman
  6737 | D        | Noticed an emperor scorpion
  6741 | D        | Killed an emperor scorpion
  6741 | D        | Reached skill level 22 in Spellcasting
  6892 | D        | Noticed a hell knight
  6897 | D        | Killed a hell knight
  6939 | D        | Noticed a vault sentinel
  6939 | D        | Noticed an orc knight
  6939 | D        | Noticed an ironbrand convoker
  6939 | D        | Noticed a wizard
  6939 | D        | Noticed a mottled dragon
  6939 | D        | Noticed a deep elf knight
  6939 | D        | Noticed an ogre mage
  6941 | D        | Killed an ogre mage
  6941 | D        | Killed a deep elf knight
  6941 | D        | Received a gift from Sif Muna
  6941 | D        | Killed a mottled dragon
  6942 | D        | Killed a wizard
  6942 | D        | Killed an ironbrand convoker
  6943 | D        | Noticed a mottled dragon
  6946 | D        | Killed an orc knight
  6946 | D        | Killed a mottled dragon
  6946 | D        | Killed a vault sentinel
  6948 | D        | Noticed an orc knight
  6955 | D        | Killed an orc knight
  6968 | D        | Noticed a kobold demonologist
  6969 | D        | Noticed a red ugly thing
  6971 | D        | Noticed a freezing wraith
  6971 | D        | Killed a kobold demonologist
  6973 | D        | Killed a red ugly thing
  7013 | D        | Killed a freezing wraith
  7139 | D        | Noticed an ogre mage
  7143 | D        | Killed an ogre mage
  7192 | D        | Noticed an ogre mage
  7193 | D        | Noticed an ironbrand convoker
  7195 | D        | Noticed an orc knight
  7196 | D        | Killed an ogre mage
  7196 | D        | Killed an ironbrand convoker
  7196 | D        | Received a gift from Sif Muna
  7197 | D        | Identified Sif Muna's Disquisition on Torrid Confrontation (Sif Muna gifted it to you in the Dungeon)
  7199 | D        | Killed an orc knight
  7202 | D        | Noticed a vault warden
  7209 | D        | Noticed a vault warden
  7211 | D        | Killed a vault warden
  7218 | D        | Killed a vault warden
  7295 | D        | Noticed a vault sentinel
  7298 | D        | Killed a vault sentinel
  7333 | D        | Noticed a vault sentinel
  7336 | D        | Killed a vault sentinel
  7458 | D        | Identified Tuviy's Handbook of Conjuration and the Snowflakes (Sif Muna gifted it to you in the Dungeon)
  7524 | D        | Noticed Louise
  7525 | D        | Noticed Mennas
  7555 | D        | Killed Louise
  7555 | D        | Received a gift from Sif Muna
  7574 | D        | Killed Mennas
  7574 | D        | Reached skill level 23 in Spellcasting
  7574 | D        | Reached skill level 15 in Ice Magic
  7592 | D        | Identified Sif Muna's Grimoire of Attacks (Sif Muna gifted it to you in the Dungeon)
  7783 | D        | Got the +1 demon whip of the Coward {slash, rN+ MR+ Curse}
  7786 | D        | Got the +2 glaive "Elf's Peril" {chop, +Blink rF+ Dex-2}
  7943 | D        | Noticed Frederick
  7955 | D        | Killed Frederick
  7955 | D        | Received a gift from Sif Muna
  7961 | D        | Learned a level 3 spell: Regeneration
  8160 | D        | Noticed a greater naga
  8160 | D        | Noticed a naga warrior
  8160 | D        | Noticed a guardian serpent
  8160 | D        | Noticed a naga mage
  8160 | D        | Noticed a guardian serpent
  8160 | D        | Noticed a naga mage
  8160 | D        | Noticed a naga warrior
  8162 | D        | Noticed a guardian serpent
  8162 | D        | Noticed a greater naga
  8162 | D        | Killed a naga mage
  8162 | D        | Killed a naga warrior
  8162 | D        | Reached skill level 1 in Charms
  8163 | D        | Killed a guardian serpent
  8163 | D        | Killed a naga mage
  8163 | D        | Killed a greater naga
  8163 | D        | Reached XP level 15. HP: 57/96 MP: 24/43
  8164 | D        | Killed a guardian serpent
  8165 | D        | Noticed a naga warrior
  8165 | D        | Killed a guardian serpent
  8168 | D        | Killed a greater naga
  8168 | D        | Received a gift from Sif Muna
  8170 | D        | Killed a naga warrior
  8170 | D        | Reached skill level 5 in Charms
  8171 | D        | Killed a naga warrior
  8172 | D        | Identified Sif Muna's Grimoire of Congealing Attacks (Sif Muna gifted it to you in the Dungeon)
  8186 | D        | Noticed a naga mage
  8191 | D        | Killed a naga mage
  8345 | D        | Noticed a naga mage
  8349 | D        | Killed a guardian serpent
  8350 | D        | Killed a naga mage
  8416 | D        | Got a serpentine rune of Zot
  8423 | D        | Noticed Ilsuiw
  8423 | D        | Noticed a merfolk javelineer
  8423 | D        | Noticed a merfolk javelineer
  8423 | D        | Noticed a merfolk aquamancer
  8423 | D        | Noticed a merfolk
  8423 | D        | Noticed a siren
  8423 | D        | Noticed a merfolk javelineer
  8425 | D        | Killed a merfolk javelineer
  8426 | D        | Killed a merfolk aquamancer
  8426 | D        | Killed a merfolk javelineer
  8427 | D        | Killed a siren
  8427 | D        | Received a gift from Sif Muna
  8427 | D        | Killed a merfolk
  8427 | D        | Killed a merfolk
  8427 | D        | Reached skill level 24 in Spellcasting
  8428 | D        | Killed a merfolk javelineer
  8432 | D        | Killed Ilsuiw
  8433 | D        | Identified Wutiv's Guide on Icy Augmentations (Sif Muna gifted it to you in the Dungeon)
  8435 | D        | Noticed a merfolk impaler
  8441 | D        | Killed a merfolk impaler
  8445 | D        | Noticed a merfolk aquamancer
  8470 | D        | Killed a merfolk aquamancer
  8525 | D        | Noticed a merfolk aquamancer
  8526 | D        | Noticed a merfolk aquamancer
  8528 | D        | Killed a merfolk aquamancer
  8529 | D        | Killed a merfolk aquamancer
  8529 | D        | Received a gift from Sif Muna
  8532 | D        | Killed a merfolk aquamancer
  8536 | D        | Identified Sif Muna's Handbook of Flamy Arcane Weapons (Sif Muna gifted it to you in the Dungeon)
  8587 | D        | Got a barnacled rune of Zot
  8596 | D        | Noticed a spriggan druid
  8596 | D        | Noticed a swamp dragon
  8596 | D        | Noticed a swamp dragon
  8596 | D        | Noticed a four-headed hydra
  8596 | D        | Noticed a swamp dragon
  8596 | D        | Noticed a swamp dragon
  8596 | D        | Noticed a swamp dragon
  8598 | D        | Killed a swamp dragon
  8599 | D        | Noticed a swamp dragon
  8599 | D        | Killed a spriggan druid
  8599 | D        | Killed a swamp drake
  8600 | D        | Killed a swamp dragon
  8600 | D        | Killed a swamp dragon
  8600 | D        | Reached skill level 10 in Charms
  8600 | D        | Killed a four-headed hydra
  8602 | D        | Killed a swamp dragon
  8602 | D        | Killed a swamp dragon
  8603 | D        | Noticed a swamp dragon
  8603 | D        | Killed a swamp dragon
  8606 | D        | Killed a swamp dragon
  8606 | D        | Received a gift from Sif Muna
  8650 | D        | Noticed a swamp dragon
  8651 | D        | Noticed a four-headed hydra
  8652 | D        | Killed a swamp dragon
  8653 | D        | Noticed a swamp dragon
  8654 | D        | Killed a four-headed hydra
  8657 | D        | Killed a swamp dragon
  8729 | D        | Got a decaying rune of Zot
  8736 | D        | Noticed a moth of wrath
  8736 | D        | Noticed an emperor scorpion
  8736 | D        | Noticed an emperor scorpion
  8736 | D        | Noticed an emperor scorpion
  8736 | D        | Noticed a wolf spider
  8736 | D        | Noticed a demonic crawler
  8740 | D        | Killed a moth of wrath
  8742 | D        | Noticed an emperor scorpion
  8743 | D        | Killed a wolf spider
  8744 | D        | Killed a demonic crawler
  8744 | D        | Killed a ghost moth
  8744 | D        | Killed an emperor scorpion
  8744 | D        | Received a gift from Sif Muna
  8746 | D        | Identified Ghoridur's Guide on Damaging Cold (Sif Muna gifted it to you in the Dungeon)
  8758 | D        | Killed an emperor scorpion
  8758 | D        | Killed an emperor scorpion
  8758 | D        | Reached skill level 25 in Spellcasting
  8759 | D        | Killed an emperor scorpion
  8775 | D        | Noticed a demonic crawler
  8782 | D        | Noticed a ghost moth
  8785 | D        | Killed a ghost moth
  8785 | D        | Received a gift from Sif Muna
  8792 | D        | Killed a demonic crawler
  8868 | D        | Identified Sif Muna's Incunabulum of Snow (Sif Muna gifted it to you in the Dungeon)
  8959 | D        | Learned a level 6 spell: Haste
  9073 | D        | Noticed an emperor scorpion
  9074 | D        | Noticed a jumping spider
  9075 | D        | Noticed a demonic crawler
  9076 | D        | Killed a jumping spider
  9079 | D        | Killed an emperor scorpion
  9081 | D        | Killed a demonic crawler
  9084 | D        | Got a gossamer rune of Zot
  9198 | D        | Noticed Norris
  9198 | D        | Noticed Nikola
  9213 | D        | Killed Norris
  9213 | D        | Received a gift from Sif Muna
  9214 | D        | Identified Sif Muna's Handbook of Good Luck (Sif Muna gifted it to you in the Dungeon)
  9348 | D        | Killed Nikola
  9348 | D        | Reached XP level 16. HP: 102/102 MP: 15/45
  9529 | D        | Noticed a vault guard
  9529 | D        | Noticed a vault guard
  9529 | D        | Noticed a vault guard
  9529 | D        | Noticed a vault guard
  9529 | D        | Noticed a vault guard
  9529 | D        | Noticed a vault guard
  9529 | D        | Noticed a vault guard
  9531 | D        | Killed a vault guard
  9532 | D        | Killed a vault guard
  9533 | D        | Noticed a vault guard
  9533 | D        | Killed a vault guard
  9533 | D        | Received a gift from Sif Muna
  9533 | D        | Killed a vault guard
  9533 | D        | Killed a vault guard
  9534 | D        | Killed a vault guard
  9534 | D        | Killed a vault guard
  9535 | D        | Killed a vault guard
  9536 | D        | Identified Sif Muna's Handbook of Warped Augmentations (Sif Muna gifted it to you in the Dungeon)
  9537 | D        | Noticed a vault guard
  9540 | D        | Noticed a vault guard
  9543 | D        | Killed a vault guard
  9543 | D        | Killed a vault guard
  9543 | D        | Reached skill level 26 in Spellcasting
  9550 | D        | Noticed a vault guard
  9556 | D        | Killed a vault guard
  9556 | D        | Received a gift from Sif Muna
  9556 | D        | Reached skill level 1 in Shields
  9557 | D        | Identified Sif Muna's Tome of Talismans (Sif Muna gifted it to you in the Dungeon)
  9732 | D        | Noticed a vault guard
  9733 | D        | Noticed a vault guard
  9736 | D        | Noticed a vault guard
  9738 | D        | Killed a vault guard
  9738 | D        | Killed a vault guard
  9739 | D        | Killed a vault guard
  9741 | D        | Noticed a vault guard
  9750 | D        | Killed a vault guard
  9754 | D        | Noticed a vault guard
  9758 | D        | Killed a vault guard
  9761 | D        | Noticed a vault guard
  9765 | D        | Killed a vault guard
  9812 | D        | Noticed a vault guard
  9813 | D        | Noticed a vault guard
  9814 | D        | Noticed a vault guard
  9816 | D        | Noticed a vault guard
  9816 | D        | Killed a vault guard
  9818 | D        | Killed a vault guard
  9818 | D        | Received a gift from Sif Muna
  9818 | D        | Killed a vault guard
  9819 | D        | Noticed a vault guard
  9819 | D        | Identified Sif Muna's Compendium of Dislocation (Sif Muna gifted it to you in the Dungeon)
  9820 | D        | Noticed a vault guard
  9822 | D        | Killed a vault guard
  9823 | D        | Noticed a vault guard
  9823 | D        | Killed a vault guard
  9823 | D        | Reached skill level 5 in Shields
  9824 | D        | Killed a vault guard
  9829 | D        | Killed a vault guard
  9955 | D        | Learned a level 9 spell: Glaciate
  9966 | D        | Noticed a vault guard
  9970 | D        | Killed a vault guard
  9970 | D        | Received a gift from Sif Muna
  9978 | D        | Identified Sif Muna's Grimoire of Summoning (Sif Muna gifted it to you in the Dungeon)
 10080 | D        | Noticed a wolf spider
 10080 | D        | Noticed an ogre mage
 10080 | D        | Noticed a stone giant
 10080 | D        | Noticed a yaktaur captain
 10080 | D        | Noticed an ogre mage
 10080 | D        | Noticed an ironbrand convoker
 10080 | D        | Noticed a crystal guardian
 10081 | D        | Killed an ironbrand convoker
 10081 | D        | Killed an ogre mage
 10081 | D        | Killed a yaktaur captain
 10083 | D        | Noticed a war gargoyle
 10083 | D        | Killed an ogre mage
 10084 | D        | Killed a crystal guardian
 10084 | D        | Killed a stone giant
 10084 | D        | Received a gift from Sif Muna
 10085 | D        | Killed a wolf spider
 10090 | D        | Killed a war gargoyle
 10101 | D        | Noticed an ogre mage
 10101 | D        | Noticed an ironheart preserver
 10106 | D        | Noticed a shadow dragon
 10109 | D        | Killed an ogre mage
 10110 | D        | Killed an ironheart preserver
 10111 | D        | Noticed a frost giant
 10113 | D        | HP: 2/102 [shadow dragon/bolt of negative energy (19)]
 10115 | D        | Killed a shadow dragon
 10115 | D        | Received a gift from Sif Muna
 10118 | D        | Noticed a shadow dragon
 10126 | D        | Killed a frost giant
 10137 | D        | HP: 2/102 [shadow dragon (4)]
 10140 | D        | Killed a shadow dragon
 10141 | D        | Identified Theh's Volume of the Voyage and Black Magic (Sif Muna gifted it to you in the Dungeon)
 10144 | D        | Noticed a fire giant
 10145 | D        | Killed from afar by a fire giant

Action                   |  1- 3 |  4- 6 |  7- 9 | 10-12 | 13-15 | 16-18 || total
-------------------------+-------+-------+-------+-------+-------+-------++-------
Melee: Unarmed           |       |    17 |       |       |       |       ||    17
       Dagger            |       |     7 |       |       |       |       ||     7
       Dire flail        |       |       |       |     4 |       |       ||     4
       Demon whip        |       |       |       |       |     1 |       ||     1
 Cast: Sting             |     9 |    15 |     1 |     2 |     1 |       ||    28
       Venom Bolt        |       |       |    20 |    63 |     1 |       ||    84
       Dazzling Spray    |       |       |       |    28 |     1 |       ||    29
       Fulminant Prism   |       |       |       |     2 |       |       ||     2
       Poison Arrow      |       |       |       |    14 |    19 |     5 ||    38
       Poisonous Cloud   |       |       |       |     8 |     4 |       ||    12
       Bolt of Fire      |       |       |       |     8 |    35 |       ||    43
       Sticky Flame      |       |       |       |     3 |     7 |       ||    10
       Bolt of Cold      |       |       |       |       |    79 |    20 ||    99
       Freezing Cloud    |       |       |       |       |    11 |     3 ||    14
       Regeneration      |       |       |       |       |     2 |       ||     2
       Glaciate          |       |       |       |       |       |     9 ||     9
Invok: Channel Energy    |       |       |     1 |     2 |    35 |    15 ||    53
       Forget Spell      |       |       |       |     1 |     1 |     2 ||     4
Evoke: Wand              |       |     2 |     5 |       |     6 |       ||    13
  Use: Scroll            |     1 |       |     1 |     4 |     8 |     2 ||    16
       Potion            |       |     2 |     1 |       |    12 |     2 ||    17
 Stab: Sleeping          |       |       |       |     1 |       |       ||     1
  Eat: Chunk             |       |       |     2 |     5 |    10 |     1 ||    18
       Bread ration      |       |       |       |     2 |       |     2 ||     4
       Fruit             |       |       |       |       |    10 |     2 ||    12
